 Dungeon Sprint DCSS version 0.30.0-29-ga12c61a403 (webtiles) character file.

Game seed: 10428831914046401604

2729 Revguard the Fighter (level 9, -5/78 HPs)
             Began as a Demonspawn Fighter on June 7, 2023.
             Was a High Priest of Okawaru.
             Slain by a +3 scimitar of holy wrath (8 damage)
             ... in the Dungeon (Sprint V: "Ziggurat Sprint").
             The game lasted 00:07:04 (294 turns).

Revguard the Fighter (Demonspawn Fighter)            Turns: 294, Time: 00:07:04

Health: -5/78      AC: 35    Str: 32    XL:     9   Next: 40%
Magic:  5/13       EV: 13    Int: 12    God:    Okawaru [*****.]
Gold:   0          SH:  5    Dex: 13    Spells: 13/13 levels left

rFire   + . .        E - +8 lance "Wyrmbane" {slay drac, rPois rF+ rC+ AC+3}
rCold   + . .        (no shield)
rNeg    . . .        C - +15 Maxwell's patent armour {-Cast -Tele rElec Will+ rCorr}
rPois   +            (no helmet)
rElec   +            (no cloak)
rCorr   +            J - +0 pair of gloves {infuse}
SInv    .            (no boots)
Will    +....        I - amulet of reflection Stlth
                     y - +6 ring of strength
HPRegen 0.33/turn    x - +6 ring of strength
MPRegen 0.13/turn

%: no teleportation, no spellcasting, reflection, infuse magic (1 MP)
@: heroic, studying Translocations
A: hooves 2, spiny 1, big brain 1
a: Renounce Religion, Heroism, Finesse


You were in the Dungeon.
You worshipped Okawaru.
Okawaru was extremely pleased with you.
You visited 1 branch

Inventory:

Hand Weapons
 a - a +0 long sword
 E - the +8 lance "Wyrmbane" (weapon) {slay drac, rPois rF+ rC+ AC+3}
   (You found it in the Dungeon)

   AC:        It affects your AC (+3).
   rF:        It protects you from fire.
   rC:        It protects you from cold.
   rPois:     It protects you from poison.
 F - the +6 arbalest "Damnation" {damnation}
   (You found it in the Dungeon)
Armour
 b - a +0 scale mail
 c - a +0 buckler
 C - the +15 Maxwell's patent armour (worn) {-Cast -Tele rElec Will+ rCorr}
   (You found it in the Dungeon)

   rElec:     It insulates you from electricity.
   -Cast:     It prevents spellcasting.
   -Tele:     It prevents most forms of teleportation.
   rCorr:     It protects you from acid and corrosion.
   Will:      It increases your willpower.
 D - the +18 shield of the Gong {Loud rN+ Will+ rCorr EV-5}
   (You found it in the Dungeon)

   Loud:      It is deafeningly noisy when blocking attacks.
   EV:        It affects your evasion (-5).
   rN:        It protects you from negative energy.
   rCorr:     It protects you from acid and corrosion.
   Will:      It increases your willpower.
 J - a +0 pair of gloves of infusion (worn)
Jewellery
 s - a ring of flight
 t - a +6 ring of dexterity
 u - a +6 ring of dexterity
 v - a +6 ring of intelligence
 w - a +6 ring of intelligence
 x - a +6 ring of strength (right hand)
 y - a +6 ring of strength (left hand)
 H - the ring of Cyosate {Ice rElec Int+4 Dex+3}
   (You found it in the Dungeon)

   [ring of ice]

   It enhances your ice magic.
   Int:       It affects your intelligence (+4).
   Dex:       It affects your dexterity (+3).
   rF:        It makes you vulnerable to fire.
   rC:        It protects you from cold.
   rElec:     It insulates you from electricity.
 I - an amulet of reflection (around neck)
 K - a +6 ring of dexterity
 L - a +4 ring of protection
 M - an amulet of the acrobat
Wands
 z - a wand of polymorph (13)
 A - a wand of mindburst (7)
 B - a wand of quicksilver (15)
 G - a wand of flame (9)
Scrolls
 j - 4 scrolls of blinking
 n - a scroll of brand weapon
 o - 4 scrolls of amnesia
 p - 7 scrolls of fog
 q - 5 scrolls of identify
 r - 2 scrolls of fear
Potions
 d - 6 potions of might
 e - 10 potions of curing
 f - 10 potions of heal wounds
 g - 6 potions of haste
 h - 7 potions of magic
 i - 3 potions of berserk rage
 k - 2 potions of brilliance
 l - 2 potions of invisibility
 m - 4 potions of resistance


   Skills:
 + Level 9.7(14.7) Fighting
 - Level 1.7(6.7) Long Blades
 + Level 8.7(13.7) Polearms
 + Level 4.2(9.2) Ranged Weapons
 + Level 8.8(13.8) Armour
 + Level 8.2(13.2) Dodging
 + Level 8.7(13.7) Shields
 - Level 2.5 Spellcasting
 + Level 6.5 Invocations
 + Level 3.5 Evocations


You had 13 spell levels left.
You didn't know any spells.
Your spell library contained the following spells:

 Spells                   Type           Power      Damage    Failure   Level
 Beastly Appendage        Tmut           2%         N/A       80%         1
 Freeze                   Ice            4%         1d3       80%         1
 Magic Dart               Conj           4%         1d3       80%         1
 Shock                    Conj/Air       4%         1d3       80%         1
 Searing Ray              Conj           2%         2d4       90%         2
 Frozen Ramparts          Ice            2%         1d1       99%         3
 Ozocubu's Armour         Ice            1%         N/A       99%         3
 Swiftness                Air            1%         N/A       99%         3
 Airstrike                Air            0%         2d(1-17)  100%        4
 Fulminant Prism          Conj/Hex       0%         3d5       100%        4
 Ice Form                 Ice/Tmut       1%         N/A       100%        4
 Blade Hands              Tmut           0%         N/A       100%        5
 Conjure Ball Lightning   Conj/Air       0%         3x3d6     100%        6
 Starburst                Conj/Fire      0%         6d3       100%        6
 Ozocubu's Refrigeration  Ice            0%         4d7       100%        7


Dungeon Overview and Level Annotations

Branches:
Dungeon (1/1)

Altars:
Ashenzari
Cheibriados
Dithmenos
Fedhas
Gozag
Hepliaklqana
Kikubaaqudgha
Makhleb
Nemelex Xobeh
Okawaru
Qazlal
Ru
Sif Muna
Trog
Uskayaw
Vehumet
Wu Jian
Xom
Yredelemnul
Jiyva
Lugonu


Innate Abilities, Weirdness & Mutations

You have hoof-like feet.
You are partially covered in sharp spines.
You have an unusually large brain. (Int +2)


Message History

The damnation bolt hits the +1 vampiric morningstar but does no damage.
The damnation bolt explodes!
The damnation engulfs the +1 vampiric morningstar!!
The +1 vampiric morningstar is severely damaged.
The damnation engulfs the deep elf zephyrmancer!
The deep elf zephyrmancer is moderately wounded.
The damnation engulfs the deep elf zephyrmancer!
The deep elf zephyrmancer is moderately wounded.
The +3 short sword of holy wrath completely misses you.
The +3 short sword of holy wrath hits you.
You convulse.
The +3 scimitar of holy wrath hits you!!
You convulse!!
The deep elf zephyrmancer gestures wildly while chanting.
The deep elf zephyrmancer blinks!
The deep elf zephyrmancer casts a spell at you.
The bolt of lightning hits the +0 heavy dire flail.
The +0 heavy dire flail completely resists.
The bolt of lightning misses the +3 short sword of holy wrath.
The bolt of lightning hits you. You resist.
The bolt of lightning hits you but does no damage.
You resist.
The bolt of lightning hits the +3 short sword of holy wrath.
The +3 short sword of holy wrath completely resists.
The bolt of lightning hits the +0 heavy dire flail.
The +0 heavy dire flail completely resists.
The +3 short sword of holy wrath hits you.
You convulse.
The +3 scimitar of holy wrath closely misses you.
You feel an overwhelming desire to slay dragons!
E - the +8 lance "Wyrmbane" (weapon)
{slay drac, rPois rF+ rC+ AC+3} The +3 short sword of holy wrath is struck by your spines.
The +3 short sword of holy wrath hits you.
You convulse.
The +0 heavy dire flail hits you!
* * * LOW HITPOINT WARNING * * *
The +3 scimitar of holy wrath is struck by your spines.
The +3 scimitar of holy wrath hits you!
* * * LOW HITPOINT WARNING * * *
You convulse!
You die...

▓.."e|)[..▓
▓...")/[..▓
▓...§.....▓
▓.....○...▓
▓.....○e..▓
▓...eEe...▓
▓.▓((((.▓.▓
▓....@....▓
▓▓▓▓▓▓▓▓▓▓▓


You could see a deep elf pyromancer, 3 deep elf zephyrmancers, a fire elemental
(summoned) and 4 dancing weapons.

Vanquished Creatures
  2 draconians (D)
  Sigmund (D)
  3 nagas (D)
  2 water moccasins (D)
  Duvessa (D)
  4 orc warriors (D)
  Blork the orc (D)
  4 necrophages (D)
  A bullfrog (D)
  Dowan (D)
  Crazy Yiuf (D)
  4 orc priests (D)
  An iron imp (D)
  Jessica (D)
  4 orc wizards (D)
  2 river rats (D)
  2 adders (D)
  A shadow imp (D)
  A white imp (D)
  5 orcs (D)
  A jackal (D)
  A ball python (D)
  A ball python zombie (D)
45 creatures vanquished.

Notes
Turn   | Place    | Note
-------+----------+-------------------------------------------
     0 | D        | Revguard the Demonspawn Fighter began the quest for the
                  | Orb.
     0 | D        | Reached XP level 1. HP: 18/18 MP: 1/1
     0 | D        | Found a shimmering blue altar of Sif Muna.
     0 | D        | Found a bloodstained altar of Trog.
     0 | D        | Found a sacrificial altar of Ru.
     0 | D        | Found a stormy altar of Qazlal.
     0 | D        | Found an iron altar of Okawaru.
     1 | D        | Found a sparkling altar of Nemelex Xobeh.
     1 | D        | Found a blossoming altar of Fedhas.
     1 | D        | Found the +6 Majin-Bo {spellvamp, MP+6 Int+6}
     1 | D        | Found the +27 heavy crossbow "Sniper" {heavy, Acc+∞ SInv}
     1 | D        | Found the +10 dark maul {heavy}
     1 | D        | Found the +15 Maxwell's patent armour {-Cast -Tele rElec
                  | Will+ rCorr}
     1 | D        | Found the +18 shield of the Gong {Loud rN+ Will+ rCorr
                  | EV-5}
     1 | D        | Found the +16 obsidian axe {drain, demonic, Mesm Drain Fly
                  | SInv}
     1 | D        | Found the +7 great mace "Firestarter" {flame, immolate,
                  | rFlCloud rF++}
     1 | D        | Found the +6 shillelagh "Devastator" {shatter}
     1 | D        | Found the +11 plutonium sword {Contam Stlth-}
     1 | D        | Found the +8 lance "Wyrmbane" {slay drac, rPois rF+ rC+
                  | AC+3}
     1 | D        | Found the +9 sword of Zonguldrok {reap}
     1 | D        | Found the +13 scythe of Curses {drain, curses, Drain}
     1 | D        | Found the +9 sword of Power {lifebolt}
     1 | D        | Found the +7 mace of Variability {chaos, chaos arc}
     1 | D        | Found the +11 Singing Sword {sonic wave}
     1 | D        | Found the +8 storm bow {elec, penet}
     3 | D        | Found a transporter.
     3 | D        | Found an ancient bone altar of Kikubaaqudgha.
     3 | D        | Found a viscous altar of Jiyva.
     3 | D        | Found a corrupted altar of Lugonu.
     3 | D        | Found a hazy altar of Hepliaklqana.
     3 | D        | Found a burning altar of Makhleb.
     3 | D        | Found an opulent altar of Gozag.
    51 | D        | Became a worshipper of Warmaster Okawaru
    62 | D        | Reached skill level 4 in Fighting
    62 | D        | Gained mutation: You have large cloven feet. [demonic
                  | ancestry]
    62 | D        | Reached XP level 2. HP: 25/25 MP: 2/2
    66 | D        | Entered arena 2.
    66 | D        | Noticed a draconian
    66 | D        | Noticed a draconian
    66 | D        | Found a transporter.
    69 | D        | Killed a draconian
    69 | D        | Reached * piety under Okawaru
    69 | D        | Reached ** piety under Okawaru
    70 | D        | Reached skill level 7 in Fighting
    70 | D        | Reached skill level 5 in Dodging
    70 | D        | Gained mutation: You have an unusually large brain. (Int
                  | +2) [demonic ancestry]
    70 | D        | Reached XP level 3. HP: 33/36 MP: 3/3
    70 | D        | Gained mutation: You are partially covered in sharp spines.
                  | [demonic ancestry]
    70 | D        | Reached XP level 4. HP: 39/43 MP: 4/4
    70 | D        | Reached XP level 5. HP: 44/48 MP: 5/5
    70 | D        | Reached XP level 6. HP: 50/55 MP: 6/6
    81 | D        | Killed a draconian
    81 | D        | Reached *** piety under Okawaru
    82 | D        | Reached skill level 8 in Fighting
    82 | D        | Reached XP level 7. HP: 56/62 MP: 7/7
    89 | D        | Entered arena 3.
    89 | D        | Found a transporter.
   106 | D        | Entered arena 4.
   106 | D        | Found the +6 arbalest "Damnation" {damnation}
   106 | D        | Found a transporter.
   112 | D        | Reached skill level 1 in Invocations
   133 | D        | Entered arena 5.
   133 | D        | Found a transporter.
   134 | D        | Reached **** piety under Okawaru
   135 | D        | Reached skill level 1 in Spellcasting
   143 | D        | Entered arena 6.
   143 | D        | Found a transporter.
   146 | D        | Reached skill level 1 in Ranged Weapons
   146 | D        | Reached XP level 8. HP: 69/69 MP: 8/10
   163 | D        | Entered arena 7.
   166 | D        | Found a transporter.
   176 | D        | Got the ring of Cyosate {Ice rElec Int+4 Dex+3}
   183 | D        | Entered arena 8.
   183 | D        | Noticed Sigmund
   183 | D        | Noticed Jessica
   183 | D        | Noticed Blork the orc
   183 | D        | Noticed Crazy Yiuf
   183 | D        | Noticed Dowan
   183 | D        | Noticed Duvessa
   184 | D        | Killed Crazy Yiuf
   184 | D        | Killed Dowan
   187 | D        | Killed Jessica
   190 | D        | Killed Duvessa
   191 | D        | Reached skill level 9 in Fighting
   191 | D        | Reached skill level 1 in Evocations
   191 | D        | Killed Sigmund
   195 | D        | Killed Blork the orc
   195 | D        | Reached ***** piety under Okawaru
   196 | D        | Reached skill level 5 in Invocations
   196 | D        | Found a transporter.
   202 | D        | Got the Discourse on Confrontation
   218 | D        | Entered arena 9.
   222 | D        | Found a transporter.
   225 | D        | Gained mutation: You have hoof-like feet. [demonic
                  | ancestry]
   225 | D        | Reached XP level 9. HP: 70/76 MP: 11/13
   246 | D        | Got the Octavo of the Deep Freeze
   257 | D        | Entered arena 10.
   259 | D        | Received a gift from Okawaru
   272 | D        | Found a transporter.
   278 | D        | Got Vozar's Papyrus of Chilled Configuration
   291 | D        | Entered arena 11.
   291 | D        | Found the +3 warlock's mirror {omnireflect}
   291 | D        | Noticed a +1 vampiric morningstar
   291 | D        | Noticed a deep elf zephyrmancer
   291 | D        | Noticed a deep elf knight
   291 | D        | Noticed a +0 heavy dire flail
   291 | D        | Noticed a deep elf pyromancer
   291 | D        | Noticed a deep elf zephyrmancer
   291 | D        | Noticed a +3 scimitar of holy wrath
   291 | D        | Noticed a +3 short sword of holy wrath
   291 | D        | Noticed a deep elf zephyrmancer
   294 | D        | HP: 3/78 [+3 scimitar of holy wrath (7)]
   294 | D        | Slain by a +3 scimitar of holy wrath

Illustrated notes

Levels and vault maps discovered:
D:        sprint_v [room_start, room_1, room_2, room_3, room_4, room_5, room_6,
          room_7, room_8, room_9, room_10, room_11, room_12, room_13, room_14,
          room_15, room_16, room_17, room_18, room_19, room_20, room_21,
          room_22, room_23, room_24, room_25, room_26, room_27]

Skill      XL: |  1  2  3  4  5  6  7  8  9 |
---------------+----------------------------+-----
Fighting       | 4 7 8 9 |  9.7
Polearms       | 3 6 7 8 |  8.7
Armour         | 3 6 7 8 |  8.8
Dodging        | 2 5 6 7 8 |  8.2
Shields        | 3 6 7 8 |  8.7
Invocations    | 2 5 6 |  6.5
Spellcasting   | 1 2 |  2.5
Ranged Weapons | 1 3 4 |  4.2
Evocations     | 2 3 |  3.5
Long Blades    | |  1.7

Action                     |  1- 3 |  4- 6 |  7- 9 || total
---------------------------+-------+-------+-------++-------
  Melee: Lance             |     3 |    12 |    47 ||    62
         Kick              |     1 |     2 |     6 ||     9
         Punch             |       |       |     1 ||     1
   Fire: Arbalest          |       |       |    13 ||    13
 Invoke: Heroism           |       |       |     1 ||     1
    Use: Potion            |     1 |       |       ||     1
 Armour: Plate armour      |       |       |    32 ||    32
  Dodge: Dodged            |       |       |    13 ||    13
  Block: Kite shield       |     2 |     9 |    14 ||    25
         Other             |       |       |     6 ||     6
